General information
- name: BNet
- type: Ladder team game (AT/RT)
- host: Battle.net
- saver: WeakestLink
map: Cherryville
- players: 8
- length: 19:00
- speed: Fast
- version: 1.28 W3XP
- replay type: Public
» download(170 KB)
Players
team 1 (loser)
Lord_Ramzy (
orange | 63 APM | 1098 actions | 17:30)
3 Mountain King
2 Storm Bolt
1 Bash
» actions
| Assign group hotkey | 34 | |
| Basic commands | 103 | |
| Build / train | 81 | |
| ESC pressed | 4 | |
| Enter build submenu | 23 | |
| Enter hero's abilities submenu | 5 | |
| Give item / drop item | 2 | |
| Remove unit from queue | 1 | |
| Right click | 414 | |
| Select / deselect | 214 | |
| Select group hotkey | 162 | |
| Use ability | 55 | |
1098 total
» units
| Peasant | 33 | |
| Footman | 12 | |
| Rifleman | 4 | |
| Siege Engine | 6 | |
55 total
» upgrades
| Lumber Harvesting | 1 | |
| Masonry | 3 | |
| Barrage | 1 | |
| Gunpowder | 2 | |
| Plating | 0 | |
7 total
» buildings
| Farm | 14 | |
| Altar of Kings | 1 | |
| Barracks | 2 | |
| Town Hall | 1 | |
| Keep | 1 | |
| Lumber Mill | 1 | |
| Blacksmith | 2 | |
| Scout Tower | 8 | |
| Castle | 1 | |
| Guard Tower | 6 | |
| Workshop | 3 | |
40 total
» build order
00:13 Farm
00:14 Farm
00:24 Altar of Kings
00:42 Barracks
01:24 Farm
01:26 Farm
02:56 Farm
02:59 Farm
03:35 Town Hall
05:47 Keep
06:16 Farm
06:27 Lumber Mill
06:39 Barracks
07:00 Farm
07:01 Farm
07:02 Farm
08:08 Blacksmith
08:30 Scout Tower
10:12 Castle
10:37 Scout Tower
10:39 Scout Tower
10:39 Scout Tower
10:53 Scout Tower
10:54 Scout Tower
10:56 Scout Tower
10:57 Scout Tower
11:07 Guard Tower
11:27 Guard Tower
11:34 Guard Tower
11:48 Workshop
11:49 Workshop
11:59 Guard Tower
12:06 Guard Tower
12:16 Farm
12:17 Farm
12:47 Guard Tower
13:26 Workshop
15:46 Farm
15:48 Farm
15:58 Blacksmith
» items
| Boots of Speed | 1 | |
| Dust of Appearance | 1 | |
| Circlet of Nobility | 1 | |
| Potion of Healing | 2 | |
| Scroll of Town Portal | 1 | |
6 total
Go4It (
green | 62 APM | 1076 actions | 17:24)
4 Far Seer
2 Feral Spirit
2 Chain Lighting
» actions
| Basic commands | 34 | |
| Build / train | 54 | |
| Enter build submenu | 17 | |
| Enter hero's abilities submenu | 4 | |
| Remove unit from queue | 3 | |
| Right click | 653 | |
| Select / deselect | 278 | |
| Use ability | 33 | |
1076 total
» units
| Peon | 12 | |
| Grunt | 4 | |
| Troll Headhunter/Berserker | 11 | |
| Wind Rider | 10 | |
37 total
» upgrades
| Armor | 1 | |
| Spiked Barricades | 1 | |
| Ranged Weapons | 2 | |
4 total
» buildings
| Altar of Storms | 1 | |
| Orc Burrow | 6 | |
| Barracks | 1 | |
| War Mill | 1 | |
| Stronghold | 1 | |
| Voodoo Lounge | 1 | |
| Beastiary | 3 | |
| Great Hall | 1 | |
| Watch Tower | 2 | |
17 total
» build order
00:12 Altar of Storms
00:18 Orc Burrow
00:38 Barracks
01:34 Orc Burrow
02:10 War Mill
03:32 Orc Burrow
04:49 Orc Burrow
05:45 Stronghold
07:06 Voodoo Lounge
08:12 Beastiary
08:17 Beastiary
08:35 Beastiary
09:17 Great Hall
09:23 Watch Tower
10:31 Watch Tower
16:41 Orc Burrow
17:11 Orc Burrow
» items
wizrds (
blue | 71 APM | 1339 actions | 18:59)
4 Archmage
2 Summon Water Elemental
1 Brilliance Aura
1 Blizzard
» actions
| Build / train | 81 | |
| Enter build submenu | 33 | |
| Enter hero's abilities submenu | 4 | |
| Remove unit from queue | 6 | |
| Right click | 819 | |
| Select / deselect | 338 | |
| Use ability | 56 | |
1339 total
» units
| Peasant | 11 | |
| Footman | 5 | |
| Priest | 4 | |
| Rifleman | 4 | |
| Gryphon Rider | 16 | |
40 total
» upgrades
| Plating | 2 | |
| Lumber Harvesting | 1 | |
| Priest Training | 2 | |
| Swords | 1 | |
| Gunpowder | 0 | |
| Armor | 3 | |
| Storm Hammers | 1 | |
10 total
» buildings
| Altar of Kings | 1 | |
| Farm | 13 | |
| Barracks | 1 | |
| Lumber Mill | 1 | |
| Keep | 2 | |
| Arcane Vault | 1 | |
| Blacksmith | 1 | |
| Arcane Sanctum | 2 | |
| Gryphon Aviary | 2 | |
| Castle | 1 | |
| Scout Tower | 8 | |
| Arcane Tower | 1 | |
| Guard Tower | 6 | |
40 total
» build order
00:14 Altar of Kings
00:33 Farm
00:42 Barracks
01:48 Farm
02:26 Lumber Mill
02:36 Farm
03:24 Farm
03:26 Keep
03:26 Keep
04:27 Arcane Vault
04:42 Blacksmith
05:57 Farm
05:58 Farm
06:05 Arcane Sanctum
06:53 Farm
06:54 Farm
07:03 Gryphon Aviary
07:04 Castle
07:11 Gryphon Aviary
07:47 Arcane Sanctum
08:52 Farm
09:58 Farm
10:55 Farm
11:41 Farm
13:47 Farm
15:46 Scout Tower
15:48 Scout Tower
15:50 Scout Tower
15:53 Scout Tower
15:55 Scout Tower
16:44 Arcane Tower
16:46 Guard Tower
16:55 Scout Tower
16:57 Guard Tower
16:57 Guard Tower
17:05 Guard Tower
17:44 Guard Tower
17:44 Guard Tower
17:48 Scout Tower
17:53 Scout Tower
» items
| Scroll of Regeneration | 4 | |
| Lesser Clarity Potion | 3 | |
7 total

»
GeneralOverton (
purple | 44 APM | 688 actions | 15:33)
3 Mountain King
1 Storm Bolt
2 Bash
1 Archmage
1 Brilliance Aura
» actions
| Assign group hotkey | 18 | |
| Basic commands | 10 | |
| Build / train | 56 | |
| ESC pressed | 2 | |
| Enter build submenu | 26 | |
| Enter hero's abilities submenu | 4 | |
| Right click | 237 | |
| Select / deselect | 196 | |
| Select group hotkey | 70 | |
| Use ability | 69 | |
688 total
» units
| Peasant | 10 | |
| Footman | 16 | |
| Goblin Shredder | 2 | |
| Spell Breaker | 1 | |
| Knight | 1 | |
30 total
» upgrades
» buildings
| Altar of Kings | 1 | |
| Barracks | 1 | |
| Farm | 13 | |
| Scout Tower | 17 | |
| Arcane Tower | 2 | |
| Arcane Vault | 3 | |
| Lumber Mill | 1 | |
| Guard Tower | 6 | |
| Blacksmith | 1 | |
| Town Hall | 1 | |
| Keep | 1 | |
| Castle | 1 | |
| Arcane Sanctum | 1 | |
49 total
» build order
00:21 Altar of Kings
00:41 Barracks
00:47 Farm
00:48 Farm
02:02 Scout Tower
02:33 Arcane Tower
03:17 Arcane Vault
03:26 Farm
03:27 Farm
04:05 Lumber Mill
04:10 Scout Tower
04:13 Scout Tower
05:11 Guard Tower
05:19 Farm
05:21 Farm
05:51 Blacksmith
06:32 Town Hall
06:36 Scout Tower
06:37 Scout Tower
06:39 Scout Tower
06:40 Scout Tower
06:42 Scout Tower
06:55 Arcane Vault
07:18 Arcane Vault
07:23 Arcane Tower
07:25 Guard Tower
07:34 Guard Tower
07:51 Farm
07:59 Guard Tower
08:19 Keep
08:31 Scout Tower
08:34 Scout Tower
09:54 Guard Tower
10:34 Farm
10:35 Farm
11:00 Castle
11:05 Farm
11:06 Farm
11:15 Arcane Sanctum
11:21 Farm
11:23 Farm
11:31 Scout Tower
11:37 Scout Tower
13:33 Scout Tower
13:34 Scout Tower
13:34 Scout Tower
13:36 Scout Tower
13:37 Scout Tower
13:44 Guard Tower
» items
| Scroll of Town Portal | 2 | |
| Potion of Healing | 2 | |
4 total
team 2 (winner)
WeakestLink (
pink | 48 APM | 917 actions | 19:00)
6 Shadow Hunter
2 Hex
3 Healing Wave
1 Big Bad Voodoo
» actions
| Assign group hotkey | 26 | |
| Basic commands | 20 | |
| Build / train | 27 | |
| Enter build submenu | 5 | |
| Enter hero's abilities submenu | 7 | |
| Give item / drop item | 3 | |
| Right click | 653 | |
| Select / deselect | 102 | |
| Select group hotkey | 33 | |
| Use ability | 41 | |
917 total
» units
» buildings
| Orc Burrow | 2 | |
| Altar of Storms | 1 | |
| Voodoo Lounge | 1 | |
4 total
» build order
01:01 Orc Burrow
01:25 Altar of Storms
01:40 Voodoo Lounge
11:35 Orc Burrow
» items
| Healing Salve | 1 | |
| Lesser Clarity Potion | 1 | |
| Rod of Necromancy | 1 | |
| Dust of Appearance | 1 | |
| Potion of Mana | 1 | |
| Boots of Speed | 1 | |
| Staff of Teleportation | 1 | |
| Periapt of Vitality | 1 | |
| Scroll of Protection | 1 | |
9 total
Dharma (
red | 48 APM | 906 actions | 18:59)
5 Blademaster
3 Wind Walk
2 Critical Strike
3 Shadow Hunter
1 Hex
2 Healing Wave
» actions
| Basic commands | 73 | |
| Build / train | 56 | |
| ESC pressed | 10 | |
| Enter build submenu | 40 | |
| Enter hero's abilities submenu | 8 | |
| Give item / drop item | 9 | |
| Right click | 341 | |
| Select / deselect | 251 | |
| Use ability | 118 | |
906 total
» units
| Peon | 9 | |
| Wind Rider | 5 | |
| Goblin Shredder | 1 | |
| Troll Batrider | 5 | |
| Raider | 3 | |
23 total
» upgrades
| Ranged Weapons | 2 | |
| Spiked Barricades | 3 | |
| Armor | 3 | |
| Reinforced Defenses | 1 | |
| Liquid Fire | 1 | |
| Ensnare | 1 | |
| Pillage | 1 | |
12 total
» buildings
| Altar of Storms | 1 | |
| Orc Burrow | 7 | |
| Voodoo Lounge | 2 | |
| Stronghold | 1 | |
| War Mill | 1 | |
| Watch Tower | 22 | |
| Beastiary | 4 | |
| Fortress | 1 | |
| Great Hall | 1 | |
40 total
» build order
00:08 Altar of Storms
00:15 Orc Burrow
01:05 Voodoo Lounge
02:11 Stronghold
02:27 War Mill
02:58 Orc Burrow
03:05 Orc Burrow
03:53 Watch Tower
03:58 Watch Tower
04:34 Beastiary
05:00 Beastiary
07:50 Watch Tower
07:51 Watch Tower
07:51 Watch Tower
07:52 Watch Tower
08:23 Fortress
08:24 Orc Burrow
09:07 Watch Tower
10:19 Great Hall
10:21 Watch Tower
10:21 Watch Tower
10:22 Watch Tower
11:16 Watch Tower
11:20 Watch Tower
11:22 Watch Tower
11:25 Voodoo Lounge
11:59 Orc Burrow
12:01 Orc Burrow
12:03 Orc Burrow
13:22 Watch Tower
13:23 Watch Tower
13:28 Watch Tower
13:44 Beastiary
16:03 Watch Tower
16:06 Watch Tower
16:11 Watch Tower
16:17 Watch Tower
16:23 Watch Tower
16:26 Watch Tower
17:26 Beastiary
» items
| Healing Salve | 3 | |
| Lesser Clarity Potion | 2 | |
| Potion of Lesser Invulnerability | 1 | |
| Potion of Healing | 1 | |
| Orb of Lightning | 1 | |
8 total
Cornholio (
yellow | 24 APM | 455 actions | 18:59)
4 Priestess of the Moon
2 Searing Arrows
2 Trueshot Aura
» actions
| Build / train | 41 | |
| Enter build submenu | 22 | |
| Enter hero's abilities submenu | 4 | |
| Right click | 219 | |
| Select / deselect | 141 | |
| Use ability | 28 | |
455 total
» units
» upgrades
| Strength of the Moon | 1 | |
| Corrosive Breath | 1 | |
2 total
» buildings
| Hunter's Hall | 1 | |
| Moon Well | 8 | |
| Ancient of War | 1 | |
| Altar of Elders | 1 | |
| Tree of Ages | 1 | |
| Ancient Protector | 5 | |
| Ancient of Wonders | 1 | |
| Tree of Life | 1 | |
| Ancient of Wind | 1 | |
| Tree of Eternity | 1 | |
| Chimaera Roost | 3 | |
24 total
» build order
00:26 Hunter's Hall
00:39 Moon Well
01:08 Ancient of War
01:39 Altar of Elders
02:00 Moon Well
03:19 Moon Well
04:16 Tree of Ages
04:42 Ancient Protector
05:34 Ancient of Wonders
07:46 Tree of Life
08:30 Moon Well
08:34 Moon Well
08:42 Ancient Protector
09:27 Moon Well
10:43 Ancient Protector
12:44 Ancient of Wind
13:26 Tree of Eternity
13:44 Moon Well
13:48 Moon Well
15:35 Ancient Protector
15:39 Ancient Protector
16:00 Chimaera Roost
16:31 Chimaera Roost
17:45 Chimaera Roost
AFKER_TKER_BSER (
teal | 39 APM | 737 actions | 18:59)
7 Goblin Tinker
3 Cluster Rockets
3 Engineering Upgrade
1 Robo-Goblin
» actions
| Assign group hotkey | 15 | |
| Basic commands | 21 | |
| Build / train | 65 | |
| Enter build submenu | 16 | |
| Enter hero's abilities submenu | 7 | |
| Give item / drop item | 3 | |
| Right click | 170 | |
| Select / deselect | 263 | |
| Select group hotkey | 113 | |
| Use ability | 64 | |
737 total
» units
| Acolyte | 9 | |
| Ghoul | 14 | |
| Frost Wyrm | 13 | |
36 total
» upgrades
| Creature Attack | 1 | |
| Creature Carapace | 2 | |
| Freezing Breath | 1 | |
4 total
» buildings
| Crypt | 1 | |
| Ziggurat | 7 | |
| Graveyard | 1 | |
| Tomb of Relics | 1 | |
| Altar of Darkness | 1 | |
| Halls of the Dead | 2 | |
| Nerubian Tower | 1 | |
| Spirit Tower | 2 | |
| Black Citadel | 2 | |
| Sacrificial Pit | 1 | |
| Boneyard | 4 | |
23 total
» build order
00:14 Crypt
00:18 Ziggurat
00:56 Graveyard
01:09 Ziggurat
01:49 Tomb of Relics
01:52 Ziggurat
03:14 Altar of Darkness
03:33 Halls of the Dead
03:33 Halls of the Dead
05:46 Nerubian Tower
05:48 Spirit Tower
05:58 Black Citadel
05:58 Black Citadel
06:01 Sacrificial Pit
07:07 Ziggurat
07:08 Ziggurat
07:09 Ziggurat
07:10 Ziggurat
08:07 Spirit Tower
08:23 Boneyard
08:47 Boneyard
08:52 Boneyard
08:53 Boneyard
» items
| Lesser Clarity Potion | 5 | |
| Healing Salve | 1 | |
| Potion of Mana | 2 | |
| Boots of Speed | 1 | |
| Potion of Lesser Invulnerability | 1 | |
10 total
Chat log
(00:06 / All) GeneralOverton: LOL TEAL
(00:21 / All) AFKER_TKER_BSER: ur an idiot dont lol me
(00:26 / All) GeneralOverton: LOL
(00:31 / Allies) AFKER_TKER_BSER: gg
(00:33 / All) GeneralOverton: you're a cutie
(00:34 / All) GeneralOverton: lol
(00:46 / Allies) AFKER_TKER_BSER: pink
(00:47 / Allies) AFKER_TKER_BSER: cmon
(01:02 / Allies) AFKER_TKER_BSER: pink its me
(01:14 / Allies) AFKER_TKER_BSER: you feed me remember
(01:17 / Allies) WeakestLink: I'll give ya some feed and get a hero
(01:23 / Allies) AFKER_TKER_BSER: yes come to me
(01:25 / Allies) AFKER_TKER_BSER: with sh
(02:16 / Allies) AFKER_TKER_BSER: tower
(02:18 / Allies) AFKER_TKER_BSER: u might get rushed
(02:41 / Allies) Dharma: pink feed u? or he late?
(03:03 / Allies) AFKER_TKER_BSER: pink feeds me all the time
(03:06 / Allies) AFKER_TKER_BSER: idk why
(03:18 / Allies) Dharma: he like using only hero lol
(03:38 / Allies) AFKER_TKER_BSER: i fucked up lol
(03:41 / Allies) AFKER_TKER_BSER: forgot altar
(03:42 / Allies) AFKER_TKER_BSER: lmfao
(03:54 / Allies) AFKER_TKER_BSER: frosty instead
(03:58 / Allies) AFKER_TKER_BSER: was gonna go fast garg
(04:19 / Allies) Dharma: dam 2 circets from greens
(04:24 / Allies) Dharma: ba ba ballin
(04:48 / Allies) Dharma: lumber? 100
(05:04 / Allies) Dharma: ty
(05:09 / Allies) Cornholio: yessir
(05:32 / Allies) AFKER_TKER_BSER: pink is uvaalum
(06:06 / Allies) WeakestLink: Nay, I am Turncoat
(07:16 / Allies) Dharma: i xpo k?
(07:36 / Allies) Dharma: yellow take this
(08:00 / Allies) Cornholio: red i cleared that
(08:06 / Allies) Dharma: i tower it for you
(08:06 / Allies) Dharma: np
(08:07 / Allies) WeakestLink: let him take it
(08:11 / Allies) WeakestLink: and you take bottom
(08:14 / Allies) AFKER_TKER_BSER: massive wood
(08:40 / Allies) AFKER_TKER_BSER: wood
(08:56 / Allies) Cornholio: who?
(09:31 / Allies) AFKER_TKER_BSER: i wont let u die
(09:33 / All) GeneralOverton: wp thr teal..
(09:44 / Allies) Dharma: lumber plz?
(10:11 / Allies) Dharma: lumber?
(10:14 / Allies) AFKER_TKER_BSER: same
(10:15 / Allies) AFKER_TKER_BSER: wood
(10:29 / Allies) Dharma: ty
(10:35 / Allies) Cornholio: yessir
(11:38 / Allies) AFKER_TKER_BSER: get rid of dust
(11:40 / Allies) AFKER_TKER_BSER: ill give u claw
(12:33 / Allies) AFKER_TKER_BSER: man i miss tinker
(12:37 / Allies) AFKER_TKER_BSER: fucking best hero in game
(13:52 / Allies) WeakestLink: b
(14:06 / Allies) AFKER_TKER_BSER: dont underestimate the frost
(14:09 / Allies) WeakestLink: focus blue am
(15:12 / Allies) AFKER_TKER_BSER: i give u potion
(15:13 / Allies) AFKER_TKER_BSER: heal us
(15:24 / Allies) WeakestLink: unrobo
(15:32 / Allies) WeakestLink: for heal
(15:41 / Allies) AFKER_TKER_BSER: man
(15:44 / Allies) AFKER_TKER_BSER: tinker for undead hero
(15:46 / Allies) AFKER_TKER_BSER: im in love
(15:53 / Allies) WeakestLink: Tinker underrated
(16:00 / Allies) WeakestLink: great forexpo harassing
(16:05 / Allies) Dharma: tanks
(16:24 / Allies) WeakestLink: Teal you stabbed with us soem, but I haven't seen you in the chan lately
(16:37 / Allies) AFKER_TKER_BSER: oh
(16:39 / Allies) AFKER_TKER_BSER: u are in bser?
(16:43 / Allies) WeakestLink: Yeah :)
(16:48 / Allies) AFKER_TKER_BSER: yyooyoyo
(16:49 / Allies) Cornholio: can somebody wood me back now
(16:55 / Allies) AFKER_TKER_BSER: i was going there but i dont see u guys
(16:57 / Allies) AFKER_TKER_BSER: i thought u guys quit
(17:04 / Allies) WeakestLink: We didn't play for a week or two
(17:09 / Allies) AFKER_TKER_BSER: yeah tahts why
(17:16 / Allies) AFKER_TKER_BSER: lets stab
(17:16 / Allies) WeakestLink: We've been playing this week tho
(17:22 / Allies) WeakestLink: Go to chan after game
(17:25 / Allies) AFKER_TKER_BSER: ok
(18:03 / All) AFKER_TKER_BSER: leave
(18:21 / Allies) AFKER_TKER_BSER: where are the other 2 pink
(18:44 / Allies) AFKER_TKER_BSER: i wanna do a mexican stand off
(18:51 / Allies) AFKER_TKER_BSER: that last for days